 Dungeon Crawl Stone Soup version 0.31.0 (webtiles) character file.

Game seed: 3697603146710439050

52 qw the Shooter (level 3, -3/23 HPs)
             Began as a Gargoyle Hunter on Jan 20, 2024.
             Slain by a gnoll
             ... wielding a +0 flail
              (5 damage)
             ... on level 2 of the Dungeon.
             The game lasted 00:00:03 (1152 turns).

qw the Shooter (Gargoyle Hunter)                    Turns: 1152, Time: 00:00:04

Health: -3/23      AC:  6    Str: 13 (14) XL:     3   Next: 85%
Magic:  3/3        EV: 11    Int:  8 (9)  God:
Gold:   73         SH:  0    Dex: 13 (15) Spells: 2/2 levels left

rFire   . . .        a - +0 shortbow
rCold   . . .        (shield currently unavailable)
rNeg    + . .        c - +0 leather armour
rPois   inf          (no helmet)
rElec   +            (no cloak)
rCorr   .            (no gloves)
SInv    .            (no boots)
Will    .....        (no amulet)
Stlth   +            (no ring)
HPRegen 0.23/turn    (no ring)
MPRegen 0.08/turn

%: no passive effects
@: no status effects
A: sickness immunity, AC +3, negative energy resistance 1, electricity
resistance, torment resistance 1, petrification resistance
a: no special abilities


You were on level 2 of the Dungeon.
You visited 1 branch of the dungeon, and saw 2 of its levels.

You collected 73 gold pieces.


Innate Abilities, Weirdness & Mutations

You are immune to sickness and miasma.
Your stone body is resilient. (AC +3)
You are immune to poison.
You resist negative energy. (rN+)
You are resistant to electric shocks. (rElec)
You are resistant to unholy torment.
You are immune to petrification.


   Skills:
 - Level 3.0 Fighting
 + Level 5.0 Ranged Weapons
 - Level 1.5 Dodging
 - Level 1.1 Stealth


You had 2 spell levels left.
You didn't know any spells.
Your spell library was empty.

Inventory:

Hand Weapons
 a - a +0 shortbow (weapon)
Armour
 c - a +0 leather armour (worn)
Jewellery
 j - a ring of fire
Potions
 d - a potion of berserk rage {unknown}
 f - a potion of curing
 l - a potion of heal wounds {unknown}

Dungeon Overview and Level Annotations

Branches:
Dungeon (2/15)

Altars:


Message History

You shoot an arrow. The arrow hits the gnoll.
You kill the gnoll!
You hear a shout!
You feel your intelligence returning.
You shoot an arrow. The arrow closely misses the gnoll.
The gnoll hits you but does no damage. The gnoll barely misses you.
You shoot an arrow. The arrow hits the gnoll.
The gnoll is moderately wounded.
The gnoll barely misses you.
You shoot an arrow. The arrow hits the gnoll.
The gnoll is heavily wounded.
The gnoll misses you.
You shoot an arrow. The arrow hits the gnoll.
The gnoll is severely wounded.
The gnoll hits you from afar with a +0 spear.
You shoot an arrow. The arrow hits the gnoll.
The gnoll is moderately wounded.
The gnoll hits you but does no damage.
The gnoll hits you from afar with a +0 spear.
You shoot an arrow. The arrow closely misses the gnoll.
The gnoll closely misses you. The gnoll barely misses you.
The gnoll hits you with a +0 flail. The gnoll closely misses you.
You shoot an arrow. The arrow closely misses the gnoll.
The arrow hits the dart slug!
You kill the dart slug!
The gnoll completely misses you.
The gnoll hits you from afar with a +0 spear.
Your Fighting skill increases to level 3!
You shoot an arrow. The arrow completely misses the gnoll.
The gnoll hits you with a +0 flail!
Ouch! That really hurt!
The gnoll hits you from afar with a +0 spear.
You shoot an arrow.
The arrow hits the gnoll but does no damage.
The gnoll is moderately wounded.
The gnoll barely misses you. The gnoll closely misses you.
You shoot an arrow. The arrow hits the gnoll.
The gnoll is heavily wounded.
The gnoll hits you with a +0 flail.
You die...

.#. #. #.>..
...>#. ....#
#..#.###.#.##
#...........#
#......#....#
............#
##..#.......##.#
......%g@......#
##..#.g##.#.####
#.) #.#.#### #.g
#......# #..
###.##.#


wg. #.#.<# ..). ..#### g### .... ..### You could see 2 gnolls.

Vanquished Creatures
  2 gnolls (D:2)
  An adder (D:2)
  A dart slug (D:2)
  2 endoplasms (D:1)
  2 giant cockroaches (D:1)
  2 goblins (D:1)
  4 hobgoblins
  3 kobolds (D:1)
  A ball python (D:1)
  A bat (D:1)
  4 rats (D:1)
23 creatures vanquished.

Notes
Turn   | Place    | Note
-------+----------+-------------------------------------------
     0 | D:1      | qw the Gargoyle Hunter began the quest for the Orb.
     0 | D:1      | Reached XP level 1. HP: 12/12 MP: 1/1
     0 | D:1      | 0 ||| qw: Version: 0.3-a-132-g3d54051
     0 | D:1      | 0 ||| qw: Game counter: 500
     0 | D:1      | 0 ||| qw: Melee chars always use a shield: true
     0 | D:1      | 0 ||| qw: God list: Okawaru
     0 | D:1      | 0 ||| qw: Allow faded altars: false
     0 | D:1      | 0 ||| qw: Do Orc after clearing Dungeon:15 true
     0 | D:1      | 0 ||| qw: Do second Lair branch before Depths: true
     0 | D:1      | 0 ||| qw: Lair rune preference: random
     0 | D:1      | 0 ||| qw: Goals: Normal
     0 | D:1      | 0 ||| PLANNING D:1-11
   250 | D:1      | Reached XP level 2. HP: 17/17 MP: 2/2
   414 | D:1      | Found a faded altar of an unknown god.
   890 | D:1      | 890 ||| READING 2 scrolls labelled NATRASTRIAZE.
   991 | D:1      | 991 ||| READING scroll labelled XEIDEFI YMOIM.
   992 | D:1      | 992 ||| READING scroll labelled WUGROE TENUCA.
   996 | D:1      | 996 ||| READING scroll labelled ZYIBUNUMOED.
   997 | D:1      | 997 ||| DRINKING 2 amethyst potions.
   998 | D:1      | 998 ||| DRINKING 2 dark potions.
   999 | D:1      | 999 ||| DRINKING 2 lumpy yellow potions.
  1000 | D:1      | 1000 ||| DROPPING scroll of butterflies.
  1001 | D:1      | 1001 ||| DROPPING scroll of vulnerability.
  1002 | D:1      | 1002 ||| DROPPING potion of degeneration.
  1003 | D:1      | 1003 ||| DROPPING potion of brilliance.
  1034 | D:2      | 1034 ||| STAIRDANCE
  1080 | D:2      | Reached skill level 5 in Ranged Weapons
  1080 | D:2      | Reached XP level 3. HP: 11/21 MP: 3/3
  1080 | D:2      | 1080 ||| FLEEEEING.
  1084 | D:2      | 1084 ||| STAIRDANCE
  1139 | D:2      | 1139 ||| RETREEEEATING.
  1150 | D:2      | Reached skill level 3 in Fighting
  1150 | D:2      | HP: 3/23 [gnoll/+0 flail (12)]
  1152 | D:2      | Slain by a gnoll

Levels and vault maps discovered:
D:1:      shiori_arrival_oz, layout_loops_corners,
          ebering_ecumenical_altar_webs, minivault_5
D:2:      layout_basic, minmay_split_cup_large, uniq_natasha

Skill      XL: |  1  2  3 |
---------------+----------+-----
Ranged Weapons | 5 |  5.0
Fighting       | 3 |  3.0
Dodging        | |  1.5
Stealth        | |  1.1

Action                     || total
---------------------------++-------
   Fire: Shortbow          ||   109
    Use: Scroll            ||     4
         Potion            ||     3
 Armour: Leather armour    ||    43
  Dodge: Dodged            ||    34

Table legend:
 A = Non-vault XP
 B = Vault XP
 C = Vault XP percentage of total XP
 D = Non-vault monster count
 E = Vault monster count
 F = Vault count percentage of total count
                 A         B        C        D         E       F
            +---------+---------+-------+---------+---------+-------
      Total |      74 |       1 |   1.3 |      22 |       1 |   4.3
            +---------+---------+-------+---------+---------+-------
        D:1 |      27 |       1 |   3.6 |      17 |       1 |   5.6
        D:2 |      47 |       0 |   0.0 |       5 |       0 |   0.0
            +---------+---------+-------+---------+---------+-------
